 Dungeon Crawl Stone Soup version 0.16-a0-253-g996e5b4 (webtiles) character file.

128 Qrupt the Slasher (level 4, -4/31 HPs)
             Began as a High Elf Chaos Knight on Aug 23, 2014.
             Was a Plaything of Xom.
             Killed from afar by Jessica (9 damage)
             ... with a wand of frost
             ... on Level 2 of the Dungeon.
             The game lasted 00:02:49 (1097 turns).

Qrupt the Slasher (High Elf Chaos Knight)           Turns: 1097, Time: 00:02:50

HP  -4/31        AC  5     Str 11      XL: 4   Next: 86%
MP   7/7         EV 11     Int 16      God: Xom
Gold 79          SH  0     Dex 13 (15) Spells:  0 memorised,  3 levels left

rFire  . . .     SeeInvis .     a - +0 falchion (chaos)
rCold  . . .     Clarity  .     b - +2 leather armour
rNeg   . . .     rCorr    .     (no shield)
rPois  .         rRot     .     (no helmet)
rElec  .         Spirit   .     (no cloak)
SustAb .         Warding  .     (no gloves)
rMut   .         Stasis   .     (no boots)
Gourm  .                        (no amulet)
MR     .....                    (no ring)
                                (no ring)

@: not resistant to hostile enchantments, very unstealthy
A: no striking features
a: Renounce Religion


You were on level 2 of the Dungeon.
You worshipped Xom.
You were a toy of Xom.
You were hungry.

You visited 1 branch of the dungeon, and saw 3 of its levels.

You collected 79 gold pieces.

Inventory:

Hand weapons
 a - a +0 falchion of chaos (weapon)
Missiles
 k - a tomahawk of returning (quivered)
Armour
 b - a +2 leather armour (worn)
Comestibles
 c - a bread ration
 d - 2 meat rations
 h - a slice of pizza
Scrolls
 e - a scroll of fog
 i - a scroll of teleportation
 j - a scroll of blinking
Potions
 f - a potion of agility


   Skills:
 - Level 3.0 Fighting
 + Level 6.8 Long Blades
 - Level 0.8 Armour
 - Level 2.1 Dodging


You had 3 spell levels left.
You didn't know any spells.

Dungeon Overview and Level Annotations

Branches:
Dungeon (3/15)

Altars:

Annotations:
D:2 Jessica


Message History

Jessica is almost dead.
Jessica zaps a wand.
The puff of frost hits you!
* * * LOW HITPOINT WARNING * * *
Jessica casts a spell.
Jessica blinks!
You are too injured to fight recklessly!
You are too injured to fight recklessly!
You are too injured to fight recklessly!
You are too injured to fight recklessly!
You are too injured to fight recklessly!
You are too injured to fight recklessly!
You are too injured to fight recklessly!
Throwing (i - inventory):
k - 2 tomahawks of returning (quivered)
Press: ? - help, Shift-Dir - straight line, f - Jessica
Aim: Jessica wearing a robe and carrying a wand of frost {zapped: 8} (almost dead, fast)
You throw a tomahawk of returning.
The tomahawk of returning closely misses Jessica.
The tomahawk of returning fails to return to your pack!
Jessica zaps a wand.
The puff of frost hits you!
You die...

##.#.#..............
#.#.............##..
#.#..................
#.#.#.####..#.........
#...#.# #.###........
###....####.#
#........
#........##.#
#.........
#..##..##....###>.#
#.# ........@..@..#
#.. .......######$# #.
.......@ #.# #.
....... ... . ...%.
.... . ..... ...... .
. ....... ....... ...


You could see Jessica.

Vanquished Creatures
  A porcupine (shapeshifter) (D:2)
  A giant gecko (D:1)
  4 hobgoblins
  2 jackals (D:1)
  7 bats
  3 giant cockroaches
  4 giant newts
  6 goblins
  5 kobolds (D:1)
  4 rats (D:1)
37 creatures vanquished.

Notes
Turn   | Place    | Note
--------------------------------------------------------------
     0 | D:1      | Qrupt, the High Elf Chaos Knight, began the quest for the Orb.
     0 | D:1      | Reached XP level 1. HP: 16/16 MP: 2/2
    59 | D:1      | Reached skill level 4 in Long Blades
    86 | D:1      | XOM: harmless Divn miscast
    94 | D:1      | Reached XP level 2. HP: 14/21 MP: 3/3
   333 | D:1      | XOM: divination: detect items
   354 | D:1      | XOM: harmless Divn miscast
   355 | D:1      | Reached skill level 5 in Long Blades
   561 | D:1      | XOM: divination: magic mapping
   653 | D:2      | XOM: stealth player
   657 | D:2      | Reached XP level 3. HP: 24/26 MP: 5/5
   753 | D:2      | Noticed a tengu
   753 | D:2      | Noticed a mottled dragon
   753 | D:2      | a tengu changed into a mottled dragon
   757 | D:2      | Noticed a porcupine
   757 | D:2      | a mottled dragon changed into a porcupine
   760 | D:2      | Killed a porcupine
   760 | D:2      | Reached skill level 6 in Long Blades
   760 | D:2      | Reached XP level 4. HP: 14/31 MP: 7/7
   772 | D:2      | Noticed Jessica
  1097 | D:2      | Killed from afar by Jessica

Action                   |  1- 3 |  4- 6 || total
-------------------------+-------+-------++-------
Melee: Falchion          |   120 |     7 ||   127
Throw: Tomahawk          |     1 |     1 ||     2
  Use: Potion            |     1 |     1 ||     2
       Scroll            |       |     3 ||     3
 Stab: Sleeping          |     1 |       ||     1
